 Dungeon Crawl Stone Soup version 0.28.0-43-g3370ac3207 (webtiles) character file.

Game seed: 13513314520495759043

55 Jerry the Shield-Bearer (level 3, -1/19 HPs)
             Began as a Vine Stalker Fighter on Mar 7, 2022.
             Killed from afar by Sigmund (6 damage)
             ... with a puff of flame
             ... on level 3 of the Dungeon.
             The game lasted 00:06:28 (2967 turns).

Jerry the Shield-Bearer (Vine Stalker Fighter)      Turns: 2967, Time: 00:06:28

Health: -1/19      AC:  4    Str: 20    XL:     3   Next: 93%
Magic:  0/13       EV: 10    Int:  8    God:
Gold:   158        SH:  4    Dex: 13    Spells: 2/2 levels left

rFire   . . .      SeeInvis .   s - +2 hunting sling (freeze)
rCold   . . .      Faith    .   c - +0 buckler
rNeg    + . .      Spirit   +   u - +1 leather armour of Paranoia {Will+ MP+9}
rPois   .          Reflect  .   (no helmet)
rElec   .          Harm     .   (no cloak)
rCorr   .          Rampage  .   (no gloves)
Will    +....                   (no boots)
Stlth   +.........              (no amulet)
HPRegen 0.06/turn               m - ring of positive energy
MPRegen 0.13/turn               (no ring)

@: no status effects
A: fangs 2, magic shield, antimagic bite, no potion heal 2
a: no special abilities


You were on level 3 of the Dungeon.
You visited 1 branch of the dungeon, and saw 3 of its levels.

You collected 158 gold pieces.

Inventory:

Hand Weapons
 a - a +0 long sword
 f - a +1 whip of venom
 r - a +2 dagger of speed
 s - a +2 hunting sling of freezing (weapon)
Missiles
 t - 147 stones (quivered ammo)
Armour
 b - a +0 scale mail
 c - a +0 buckler (worn)
 k - a +1 scale mail of fire resistance
 u - the +1 leather armour of Paranoia (worn) {Will+ MP+9}
   (You found it on level 3 of the Dungeon)

   MP:        It affects your magic capacity (+9).
   Will:      It increases your willpower.
Jewellery
 m - a ring of positive energy (left hand)
Wands
 q - a wand of polymorph (2)
Scrolls
 e - a scroll of immolation {unknown}
 g - a scroll of noise {unknown}
 h - a scroll of identify {unknown}
 p - a scroll of teleportation {unknown}
Potions
 d - a potion of might
 i - 5 potions of curing {unknown}
 j - a potion of heal wounds {unknown}
 l - a potion of attraction {unknown}
 n - a potion of magic {unknown}
 o - a potion of berserk rage {unknown}


   Skills:
 - Level 2.9 Fighting
 + Level 2.4 Long Blades
 + Level 2.9 Armour
 + Level 3.2 Shields


You had 2 spell levels left.
You didn't know any spells.
Your spell library contained the following spells:

 Spells                   Type           Power      Damage    Failure   Level
 Blink                    Tloc           0%         N/A       71%         2
 Lesser Beckoning         Tloc           0%         N/A       90%         3
 Manifold Assault         Tloc           0%         N/A       100%        5


Dungeon Overview and Level Annotations

Branches:
Dungeon (3/15)

Altars:

Annotations:
D:2 1 runed translucent door, Crazy Yiuf
D:3 Sigmund


Innate Abilities, Weirdness & Mutations

You have extremely sharp teeth.
When hurt, damage is shared between your health and your magic reserves.
Your bite disrupts and absorbs the magic of your enemies.
Potions cannot restore your health.


Message History

You now have 158 gold pieces (gained 8).
A rat comes into view.
You shoot a stone. The stone closely misses the rat.
You shoot a stone. The stone hits the rat.
The stone freezes the rat.
You kill the rat!
t - 152 stones (gained 1)
t - 153 stones (gained 1)
There is a stone staircase leading down here.
You see here a +0 robe.
There is a stone staircase leading down here.
Sigmund the Dreaded comes into view.
He is wielding a +0 scythe and wearing a +1 robe of fire resistance.
You shoot a stone. The stone hits Sigmund.
The stone freezes Sigmund.
Sigmund shouts!
Sigmund is lightly wounded.
You shoot a stone. The stone hits Sigmund!
The stone freezes Sigmund.
Sigmund is heavily wounded.
You shoot a stone. The stone hits Sigmund.
The stone freezes Sigmund.
Sigmund is heavily wounded.
You shoot a stone. The stone hits Sigmund.
The stone freezes Sigmund.
Sigmund is severely wounded.
You block Sigmund's attack.
You shoot a stone. The stone closely misses Sigmund.
You shoot a stone. The stone hits Sigmund.
The stone freezes Sigmund.
Sigmund is almost dead.
Sigmund casts a spell.
Sigmund flickers and vanishes!
Deactivating autopickup; reactivate with Ctrl-A.
Something hits you!
A puff of flame appears from out of thin air!
The puff of flame hits you!
A puff of flame appears from out of thin air!
You block the puff of flame.
A magic dart appears from out of thin air!
The magic dart hits you.
A magic dart appears from out of thin air!
The magic dart hits you.
* * * LOW HITPOINT WARNING * * *
A puff of flame appears from out of thin air!
The puff of flame hits you!
You die...

.##†###....#............##.......
................<.......##.......
.##.###.####............##.......
....# #.# #.....#.#.............
##### #.####.....#.#.#####.......
#.[..[.....#.#.# #.######
#######......#.# #.#
#.##.###.#####.#
####..#@#......##.#
#.......#......##.#
#.......#.........#
#.......#.......######
#.......#............#
#####+#.#............#
#...#............#
##.{.[...........#
#.>###..........#


There were no monsters in sight!

Vanquished Creatures
  A gnoll (D:1)
  An adder (D:2)
  2 dart slugs
  3 ball pythons
  5 endoplasms
  4 goblins
  A hobgoblin (D:2)
  2 bats
  2 frilled lizards (D:2)
  5 kobolds
  6 rats
32 creatures vanquished.

Vanquished Creatures (others)
  A fungus (D:2)
1 creature vanquished.

Grand Total: 33 creatures vanquished

Notes
Turn   | Place    | Note
-------+----------+-------------------------------------------
     0 | D:1      | Jerry the Vine Stalker Fighter began the quest for the Orb.
     0 | D:1      | Reached XP level 1. HP: 11/11 MP: 2/2
   740 | D:1      | Reached XP level 2. HP: 13/16 MP: 3/3
  1045 | D:2      | Reached skill level 3 in Shields
  1122 | D:2      | Reached XP level 3. HP: 12/19 MP: 4/4
  2101 | D:2      | Found a runed translucent door.
  2102 | D:2      | Noticed Crazy Yiuf
  2638 | D:3      | Identified the +1 leather armour of Paranoia {Will+ MP+9}
  2940 | D:3      | Noticed Sigmund
  2967 | D:3      | Killed from afar by Sigmund

Illustrated notes

Levels and vault maps discovered:
D:1:      ncdulo_wetmaze, layout_basic
D:2:      layout_loops_corners, minmay_unequal, uniq_crazy_yiuf_cottage
D:3:      layout_basic, uniq_sigmund

Skill      XL: |  1  2 |
---------------+-------+-----
Long Blades    | 2 |  2.4
Shields        | 3 |  3.2
Fighting       | |  2.9
Armour         | |  2.9

Action                   || total
-------------------------++-------
Melee: Whip              ||    60
       Bite              ||    20
       Long sword        ||     3
 Fire: Hunting sling     ||    11
Armor: Scale mail        ||    25
Dodge: Dodged            ||    20
Block: Buckler           ||    15
